 Dungeon Crawl Stone Soup version 0.19-a0-32-gbfd796a (webtiles) character file.

79 M4edhros the Grave Robber (level 4, -1/27 HPs)
             Began as an Octopode Necromancer on May 2, 2016.
             Shot with an arrow by a centaur (8 damage)
             ... on level 5 of the Dungeon.
             The game lasted 00:04:30 (808 turns).

M4edhros the Grave Robber (Octopode Necromancer)     Turns: 808, Time: 00:04:30

Health: -1/27      AC:  1    Str:  5 (7)  XL:     4   Next: 38%
Magic:  7/7        EV: 12    Int: 14 (17) God:
Gold:   68         SH:  3    Dex: 10 (13) Spells: 3 memorised, 2 levels left

rFire  . . .     SeeInvis .       - Unarmed
rCold  . . .     Gourm    .     (no shield)
rNeg   . . .     Faith    .     (helmet restricted)
rPois  .         Spirit   .     k - +3 amulet of reflection
rElec  .         Dismiss  .     (no ring)
rCorr  .         Reflect  +     (no ring)
SustAt .         Harm     .     (no ring)
MR     .....                    (no ring)
Stlth  +++.......               (no ring)
                                (no ring)
                                (no ring)
                                (no ring)

@: not resistant to hostile enchantments, fairly stealthy
A: almost no armour, amphibious, 8 rings, constrict 8, camouflage 1, gelatinous
body 1
a: no special abilities


You were on level 5 of the Dungeon.
You were not hungry.

You visited 1 branch of the dungeon, and saw 5 of its levels.

You collected 68 gold pieces.

Inventory:

Missiles
 e - a throwing net (quivered)
Jewellery
 k - a +3 amulet of reflection (around mantle)
Scrolls
 d - a scroll of enchant weapon {unknown}
 f - a scroll of fear {unknown}
 g - a scroll of immolation {unknown}
 h - 2 scrolls of identify {unknown}
 i - 2 scrolls of teleportation {unknown}
Potions
 l - a potion of lignification {unknown}
Books
 a - a book of Necromancy

   Spells                             Type                      Level
   a - Pain                           Necromancy                   1
   b - Animate Skeleton               Necromancy                   1
   c - Vampiric Draining              Necromancy                   3
   d - Regeneration                   Charms/Necromancy            3
   e - Animate Dead                   Necromancy                   4
   f - Control Undead                 Necromancy                   4
Comestibles
 b - a bread ration
 c - 9 fruits


   Skills:
 + Level 0.0 Fighting
 + Level 2.0 Dodging
 - Level 2.6 Stealth
 + Level 3.8 Unarmed Combat
 - Level 2.0 Spellcasting
 - Level 4.0 Necromancy


You had 2 spell levels left.
You knew the following spells:

 Your Spells              Type           Power        Failure   Level  Hunger
a - Pain                  Necr           ##..         4%          1    ##.....
b - Animate Skeleton      Necr           N/A          4%          1    ##.....
r - Regeneration          Chrm/Necr      #.........   30%         3    ####...


Dungeon Overview and Level Annotations

Branches:
Dungeon (5/15)
 Temple: D:4-7

Altars:

Annotations:
D:3 Qrupt's ghost, amateur OpWz
D:4 M4edhros's ghost, weakling OpNe


Innate Abilities, Weirdness & Mutations

You cannot wear most types of armour.
You are amphibious.
You can wear up to eight rings at the same time.
You can use your tentacles to constrict eight enemies at once.
Your skin changes colour to match your surroundings (Stealth).
Your rubbery body absorbs attacks (AC +1).


Message History

A sky beast appears from thin air!
Reactivating autopickup.
Found a blackened short sword.
You see here an arrow.
You see here a blackened short sword.
The sky beast flickers out of sight!
Deactivating autopickup; reactivate with Ctrl-A.
Drink which item? (? for menu, Esc to quit)
Okay, then.
Read which item? (? for menu, Esc to quit)
Okay, then.
A sky beast appears from thin air!
Reactivating autopickup.
The sky beast hits you but does no damage.
The centaur shouts!
The centaur shoots an arrow.
The arrow hits you.
* * * LOW HITPOINT WARNING * * *
You see here an arrow.
The centaur shoots an arrow.
The arrow hits you!
You die...

........ #. #.#.##.# #.
#.#.##.#
#.###########.#.##.########
#.#.....o..##>..o..........
#.#.######....####.....#.##
####.#......#....########.#
#......####<#.......#####.#
#.....#######@##.......##)#
#......o...Y(.[#.......##.#
#.....#######.........≈.o.#
#....(# ##.#.c.....####
#.....# #+########..
#.....# ... ####### .## .#
.#


You could see a sky beast, a centaur and an orc.

Vanquished Creatures
  A hound (D:4)
  3 adders
  A giant gecko (D:2)
  6 bats
  4 hobgoblins
  2 kobolds (D:2)
  5 rats
22 creatures vanquished.

Vanquished Creatures (others)
  A goblin (D:3)
1 creature vanquished.

Grand Total: 23 creatures vanquished

Notes
Turn   | Place    | Note
--------------------------------------------------------------
     0 | D:1      | M4edhros the Octopode Necromancer began the quest for the Orb.
     0 | D:1      | Reached XP level 1. HP: 11/11 MP: 3/3
    76 | D:2      | Reached skill level 1 in Unarmed Combat
   135 | D:2      | Reached XP level 2. HP: 4/17 MP: 1/5
   225 | D:3      | Learned a level 1 spell: Animate Skeleton
   231 | D:3      | Reached XP level 3. HP: 10/21 MP: 2/6
   236 | D:3      | Learned a level 3 spell: Regeneration
   251 | D:3      | Noticed Qrupt's ghost (amateur OpWz)
   366 | D:4      | Noticed M4edhros's ghost (weakling OpNe)
   668 | D:4      | Reached XP level 4. HP: 13/27 MP: 3/7
   748 | D:5      | Entered Level 5 of the Dungeon
   752 | D:5      | Noticed a sky beast
   765 | D:5      | Noticed a centaur
   808 | D:5      | Shot with an arrow by a centaur

Vault maps used:
D:1:      tarquinn_simple_flora_water_d, monster_avoids_cloud
D:2:      serial_glass, glass_columns_c, glass_columns_a
D:4:      nicolae_dithmenos_through_a_glass_darkly, wad_orctagon
D:5:      minmay_temple_entry_overgrown, first_bread

Skill      XL: |  1  2  3 |
---------------+----------+-----
Unarmed Combat | 1 2 3 |  3.8
Dodging        | |  2.0
Stealth        | |  2.6
Spellcasting   | |  2.0
Necromancy     | |  4.0

Action                   |  1- 3 |  4- 6 || total
-------------------------+-------+-------++-------
Melee: Unarmed           |    39 |       ||    39
       Constrict         |    10 |       ||    10
       Tentacles         |     5 |       ||     5
 Cast: Pain              |    21 |       ||    21
       Regeneration      |     7 |     3 ||    10
  Use: Potion            |     2 |     1 ||     3
 Stab: Sleeping          |     3 |       ||     3
  Eat: Royal jelly       |     1 |       ||     1
Armor: Skin              |     4 |     1 ||     5
Dodge: Dodged            |    23 |       ||    23
Block: Other             |     2 |       ||     2
       Reflection        |     1 |       ||     1
